 Dungeon Crawl Stone Soup version 0.29-a0-419-g77450f2105 (webtiles) character file.

Game seed: 3688621844728007609

4057 dinky the Grappler (level 10, -1/81 HPs)
             Began as a Ghoul Artificer on May 18, 2022.
             Was a Follower of Hepliaklqana.
             Hit by a javelin thrown by a centaur (5 damage)
             ... in a bailey.
             The game lasted 00:30:41 (2597 turns).

dinky the Grappler (Ghoul Artificer)                Turns: 2597, Time: 00:30:41

Health: -1/81      AC: 12    Str: 21    XL:     10   Next: 25%
Magic:  9/9        EV:  7    Int:  6    God:    Hepliaklqana [*.....]
Gold:   419        SH:  0    Dex:  9    Spells: 9/9 levels left

rFire   + . .      SeeInvis .     - Unarmed
rCold   + + .      Faith    .   (no shield)
rNeg    + + +      Spirit   .   r - +2 chain mail {rC+}
rPois   ∞          Reflect  .   (no helmet)
rElec   .          Harm     .   (no cloak)
rCorr   .          Rampage  .   (no gloves)
Will    .....                   C - +1 pair of boots
Stlth   ..........              (no amulet)
HPRegen 0.00/turn               i - +4 ring of slaying
MPRegen 0.11/turn               p - ring of protection from fire

@: inhibited regen
A: reduced essence, claws 1, cold resistance 1, negative energy resistance 3,
inhibited regeneration, torment resistance 2, devour on kill
a: Renounce Religion, Recall Ancestor, Ancestor Identity


You were in a bailey.
You worshipped Hepliaklqana.
Hepliaklqana was aware of your devotion.
You visited 2 branches of the dungeon, and saw 10 of its levels.
You also visited: Bailey.

You collected 419 gold pieces.

Inventory:

Hand Weapons
 a - a +0 club
 l - a +0 hunting sling
 t - a +3 battleaxe
Missiles
 D - 6 silver javelins
 E - 5 javelins
Armour
 b - a +0 leather armour
 h - an orb of mayhem
 n - a +0 pair of gloves
 r - a +2 chain mail of cold resistance (worn)
 A - a scarf of resistance
 C - a +1 pair of boots (worn)
Jewellery
 i - a +4 ring of slaying (left claw)
 p - a ring of protection from fire (right claw)
Wands
 c - a wand of flame (8) (quivered)
 d - a wand of charming (3)
 e - a wand of iceblast (10)
Scrolls
 f - 3 scrolls of teleportation
 u - a scroll of enchant weapon
 w - a scroll of poison {unknown}
 y - a scroll of blinking {unknown}
Potions
 g - a potion of haste
 j - a potion of degeneration
 k - a potion of cancellation {unknown}
 o - a potion of lignification {unknown}
 q - a potion of might {unknown}
 s - a potion of heal wounds {unknown}
 x - a potion of attraction {unknown}
 z - a potion of brilliance {unknown}
 B - a potion of curing {unknown}


   Skills:
 + Level 9.2 Fighting
 - Level 1.9 Armour
 - Level 1.0 Dodging
 - Level 1.3 Stealth
 * Level 12.7 Unarmed Combat
 - Level 2.7 Evocations


You had 9 spell levels left.
You didn't know any spells.
Your spell library contained the following spells:

 Spells                   Type           Power      Damage    Failure   Level
 Animate Skeleton         Necr           0%         N/A       99%         1
 Magic Dart               Conj           0%         1d3       99%         1
 Pain                     Necr           0%         1d4       99%         1
 Sandblast                Erth           0%         2d4       99%         1
 Call Imp                 Summ           0%         N/A       100%        2
 Passwall                 Tmut/Erth      0%         N/A       100%        2
 Mephitic Cloud           Conj/Pois/Air  0%         N/A       100%        3
 Stone Arrow              Conj/Erth      0%         3d7       100%        3
 Vampiric Draining        Necr           0%         2d6       100%        3


Dungeon Overview and Level Annotations

Branches:
Dungeon (9/15)             Temple (1/1) D:5          Bailey (1/1)
   Lair: D:8-11         Orc: D:9-12

Altars:
Elyvilon
Fedhas
Hepliaklqana
Kikubaaqudgha
Makhleb
Nemelex Xobeh
Ru
Sif Muna
Trog
Vehumet
Xom
Zin

Annotations:
D:7 1 runed translucent door, Crazy Yiuf


Innate Abilities, Weirdness & Mutations

Your life essence is reduced to manifest your ancestor. (-10% HP)
You are immune to poison.
You have sharp fingernails.
Your flesh is cold resistant. (rC+)
You are immune to negative energy. (rN+++)
You do not regenerate when monsters are visible.
You are immune to unholy pain and torment.
You thrive by killing the living.


Message History

The centaur is moderately wounded.
A centaur comes into view. It is wielding a +0 halberd.
The centaur is engulfed in a cloud of scalding steam.
Belshunu barely misses the orc warrior.
The orc warrior hits Belshunu with a +0 trident!
The centaur throws a javelin.
The javelin barely misses Belshunu.
The javelin pierces through you but does no damage.
The centaur throws a javelin.
The javelin pierces through you.
* * * LOW HITPOINT WARNING * * *
Unknown command.
Okay, then.
As you read the scroll of summoning, it crumbles to dust.
Wisps of shadow whirl around you...
Belshunu hits the orc warrior but does no damage.
The orc warrior barely misses Belshunu.
The centaur throws a javelin.
The javelin closely misses Belshunu.
The javelin pierces through you.
* * * LOW HITPOINT WARNING * * *
The centaur throws a javelin.
The javelin completely misses your orc.
The javelin pierces through you but does no damage.
Belshunu hits the orc warrior.
The orc warrior closely misses Belshunu.
The centaur throws a javelin.
The javelin pierces through Belshunu!!
Belshunu is destroyed!
The javelin pierces through you!
* * * LOW HITPOINT WARNING * * *
Unknown command.
Okay, then.
Okay, then.
As you read the scroll labelled LENNIZXEEL, it crumbles to dust.
It is a scroll of enchant armour.
Your +1 chain mail of cold resistance glows green for a moment.
The centaur throws a javelin.
The javelin barely misses your orc. The javelin pierces through you.
* * * LOW HITPOINT WARNING * * *
The centaur throws a javelin.
The javelin pierces through your orc!
Your orc dies!
Your orc's corpse dissolves into shadows!
The javelin pierces through you.
You die...

#########'''#########
≈≈≈≈≈ #...#≈≈≈≈≈≈≈##
≈≈≈≈≈ #...#≈≈≈≈≈≈≈≈##
≈≈≈≈≈.#...#.≈≈≈≈≈≈≈≈##
≈≈≈.c≈#...#≈).≈≈≈≈≈≈≈#
≈..≈≈≈.....≈≈≈..≈≈≈≈≈#
.≈≈≈......)..≈≈≈)≈≈≈≈#
.≈.....≈≈≈.gg..≈)≈≈≈≈#
≈≈.⌠..≈≈≈≈≈).g@≈≈.≈≈≈#
≈.....≈≈≈≈≈.g...≈.≈≈≈#
≈....≈≈≈≈≈≈≈o...≈≈.≈≈#
.....≈≈≈≈≈c≈o.o..≈.≈≈#
.....≈≈≈?≈≈§.....≈.≈≈#
.....≈≈≈[≈≈≈.oc..≈.≈≈#
≈≈≈)≈≈≈.....≈.≈≈#
≈≈≈≈≈≈c....≈.≈≈#
≈≈≈≈≈≈....≈≈.≈≈#


You could see an orc warrior (ally target), 3 centaurs, a friendly orc warrior
(summoned), 4 friendly gnolls and 2 friendly orcs.

Vanquished Creatures
  A two-headed ogre (D:8)
  Pikel (D:6)
  Grinder (D:6)
  4 black bears
  4 orc warriors
  6 centaurs
  A phantom (D:6)
  4 bullfrogs
  2 scorpions
  2 wights (D:6)
  3 killer bees (D:7)
  A howler monkey (D:8)
  3 hounds
  4 orc priests
  An iguana (D:5)
  4 orc wizards
  A mummy (D:7)
  2 gnolls (D:5)
  5 adders
  A shadow imp (D:7)
  A white imp (D:7)
  31 orcs
  6 ball pythons (D:2)
  2 endoplasms
  A giant cockroach (D:2)
  2 goblins
  3 hobgoblins
  3 kobolds
  A bat (D:2)
  5 rats
106 creatures vanquished.

Vanquished Creatures (collateral kills)
  3 orc warriors (Bailey)
  A centaur (Bailey)
  3 wights (D:6)
  An orc priest (D:8)
  An orc wizard (D:8)
  A gnoll (D:5)
  A white imp (D:6)
  19 orcs
30 creatures vanquished.

Vanquished Creatures (others)
  An ogre (D:6)
  3 ancestors (Bailey)
4 creatures vanquished.

Grand Total: 140 creatures vanquished

Notes
Turn   | Place    | Note
-------+----------+-------------------------------------------
     0 | D:1      | dinky the Ghoul Artificer began the quest for the Orb.
     0 | D:1      | Reached XP level 1. HP: 16/16 MP: 0/0
    96 | D:2      | Reached skill level 1 in Dodging
   159 | D:2      | Reached XP level 2. HP: 19/23 MP: 1/1
   167 | D:2      | Reached skill level 2 in Unarmed Combat
   167 | D:2      | Reached XP level 3. HP: 27/29 MP: 2/2
   177 | D:2      | Reached skill level 3 in Unarmed Combat
   177 | D:2      | Reached XP level 4. HP: 37/37 MP: 3/3
   516 | D:4      | Noticed a black bear
   543 | D:4      | Killed a black bear
   544 | D:4      | Reached skill level 4 in Unarmed Combat
   544 | D:4      | Reached XP level 5. HP: 45/45 MP: 4/4
   590 | D:4      | Reached XP level 6. HP: 52/52 MP: 5/5
   601 | D:4      | Reached skill level 5 in Unarmed Combat
   637 | D:5      | Entered Level 5 of the Dungeon
   708 | D:5      | Found a shimmering blue altar of Sif Muna.
   741 | D:4      | Noticed a black bear
   754 | D:5      | Killed a black bear
   755 | D:5      | Reached XP level 7. HP: 57/60 MP: 6/6
   798 | D:6      | Reached skill level 6 in Unarmed Combat
   827 | D:6      | Reached skill level 5 in Fighting
   859 | D:6      | Reached skill level 7 in Unarmed Combat
   880 | D:6      | Reached XP level 8. HP: 44/69 MP: 7/7
   980 | D:6      | Noticed Grinder
   994 | D:6      | Reached skill level 8 in Unarmed Combat
   996 | D:6      | Killed Grinder
  1016 | D:6      | Noticed Pikel
  1025 | D:6      | Killed Pikel
  1026 | D:6      | Reached skill level 9 in Unarmed Combat
  1026 | D:6      | Reached XP level 9. HP: 74/79 MP: 8/8
  1150 | D:6      | Reached skill level 10 in Unarmed Combat
  1601 | D:5      | Found a staircase to the Ecumenical Temple.
  1607 | Temple   | Entered the Ecumenical Temple
  1627 | Temple   | Became a worshipper of Hepliaklqana the Forgotten
  1930 | D:7      | Found a runed translucent door.
  1931 | D:7      | Noticed Crazy Yiuf
  2075 | D:8      | Noticed a two-headed ogre
  2088 | D:8      | Reached skill level 11 in Unarmed Combat
  2111 | D:8      | Killed a two-headed ogre
  2174 | D:9      | Reached * piety under Hepliaklqana
  2209 | D:8      | Found a flagged portal.
  2223 | Bailey   | Entered a bailey
  2263 | Bailey   | Reached skill level 12 in Unarmed Combat
  2263 | Bailey   | Reached XP level 10. HP: 39/81 MP: 9/9
  2597 | Bailey   | HP: 4/81 [centaur/javelin (1)]
  2597 | Bailey   | Hit by a javelin thrown by a centaur

Illustrated notes

Levels and vault maps discovered:
D:1:      evilmike_arrival_rings, layout_basic, basic_ecumenical_altar,
          grunt_decor_resistance
D:2:      cheibrodos_pilgrimage, layout_basic, minmay_tromino_v4_a
D:3:      layout_loops_cross
D:4:      layout_layer_cave, gammafunk_ghost_stat_death, serial_bayou_crossing
D:5:      layout_gridville, mainiacjoe_overflow_boulevard,
          minmay_temple_entry_fiery, minmay_misc_feat_room
D:6:      layout_basic, uniq_grinder, uniq_pikel
D:7:      layout_gridville, nicolae_ossuary_entry_giza, uniq_crazy_yiuf_cottage
D:8:      nzn_winding_woodlands_medium [nzn_winding_woodlands_5x5_cross,
          nzn_winding_woodlands_5x15_jagged, nzn_winding_woodlands_5x5_three,
          nzn_winding_woodlands_hourglass,
          nzn_winding_woodlands_center_triple_pond,
          nzn_winding_woodlands_5x5_closed_star,
          nzn_winding_woodlands_5x5_checkerboard,
          nzn_winding_woodlands_5x15_twine,
          nzn_winding_woodlands_5x5_perimeter], layout_cave_pods,
          enter_bailey_2, minmay_misc_feat_columns, dk_rats_in_the_wall,
          uniq_grum
D:9:      layout_basic
Temple:   nicolae_temple_the_god_donut
Bailey:   bailey_polearm_flooded_kennysheep, bailey

Skill      XL: |  1  2  3  4  5  6  7  8  9 10 |
---------------+-------------------------------+-----
Dodging        | 1 |  1.0
Fighting       | 2 3 4 5 7 8 9 |  9.2
Unarmed Combat | 2 3 4 5 7 9 12 | 12.7
Armour         | |  1.9
Stealth        | |  1.3
Evocations     | |  2.7

Action                   |  1- 3 |  4- 6 |  7- 9 | 10-12 || total
-------------------------+-------+-------+-------+-------++-------
Melee: Unarmed           |    11 |    56 |   127 |    21 ||   215
       Punch             |       |     3 |     9 |     1 ||    13
 Fire: Hunting sling     |       |     2 |       |     4 ||     6
Invok: Recall Ancestor   |       |       |       |     1 ||     1
Evoke: Wand              |     5 |     3 |    31 |    19 ||    58
  Use: Potion            |       |       |     1 |       ||     1
       Scroll            |       |       |     7 |     2 ||     9
 Stab: Paralysed         |       |       |     1 |       ||     1
Armor: Leather armour    |     5 |    23 |       |       ||    28
       Chain mail        |       |     6 |    86 |    20 ||   112
Dodge: Dodged            |     9 |    37 |    45 |    11 ||   102

Table legend: (Time is in decaauts)
 A = Elapsed time spent in this place.
 B = Non-inter-level travel time spent in this place.
 C = Inter-level travel time spent in this place.
 D = Time resting spent in this place.
 E = Time spent auto-exploring this place.
 F = Levels seen in this place.
 G = Mean time per level.
                   A        B        C        D        E       F      G
               +--------+--------+--------+--------+--------+-----+--------+
         Total |   2611 |   2375 |    236 |      0 |      0 |  11 |  237.4 |
       Dungeon |   2161 |   1925 |    236 |      0 |      0 |   9 |  240.1 |
        Temple |     38 |     38 |      0 |      0 |      0 |   1 |   38.0 |
        Bailey |    410 |    410 |      0 |      0 |      0 |   1 |  410.0 |
               +--------+--------+--------+--------+--------+-----+--------+

Top non-repeatable levels by time:
     D:6: 486 daAuts
     D:5: 485 daAuts
  Bailey: 410 daAuts
     D:2: 297 daAuts
     D:7: 261 daAuts
     D:8: 210 daAuts
     D:4: 166 daAuts
     D:3: 141 daAuts
     D:1: 77 daAuts
  Temple: 38 daAuts
     D:9: 34 daAuts
